 Dungeon Crawl Stone Soup version 0.20.1-1-g8b1a95d66d (webtiles) character file.

56 Gargoyl the Skirmisher (level 3, -3/31 HPs)
             Began as a Centaur Abyssal Knight on Dec 19, 2017.
             Was a Follower of Lugonu.
             Killed by nerve-wracking pain
             ... invoked by Grinder
              (13 damage)
             ... on level 3 of the Dungeon.
             The game lasted 00:04:51 (2521 turns).

Gargoyl the Skirmisher (Centaur Abyssal Knight)     Turns: 2521, Time: 00:04:52

Health: -3/31      AC:  6    Str: 14    XL:     3   Next: 69%
Magic:  5/5        EV:  8    Int: 13    God:    Lugonu [*.....]
Gold:   89         SH:  0    Dex: 11    Spells: 2/2 levels left

rFire    . . .     SeeInvis .   w - +0 broad axe
rCold    . . .     Gourm    .   (no shield)
rNeg     . . .     Faith    .   n - +1 ring mail
rPois    .         Spirit   .   (no helmet)
rElec    +         Reflect  .   (no cloak)
rCorr    .         Harm     .   (no gloves)
MR       .....                  (no barding)
Stlth    ..........             (no amulet)
Regen    0.1/turn               (no ring)
MPRegen  0.1/turn               (no ring)

@: hasted, very quick
A: hooves 3, agile 1, clever 1, deformed body, speed 2, electricity resistance,
tough skin 3
a: Depart the Abyss, Renounce Religion


You were on level 3 of the Dungeon.
You worshipped Lugonu.
Lugonu was aware of your devotion.
You were not hungry.

You visited 1 branch of the dungeon, and saw 3 of its levels.
You visited the Abyss 1 time.

You collected 89 gold pieces.

Inventory:

Hand Weapons
 a - a +1 hand axe
 w - a +0 broad axe (weapon)
Armour
 n - a +1 ring mail (worn)
Scrolls
 i - 3 scrolls of teleportation
 s - a scroll of identify
Potions
 d - a potion of cancellation {unknown}
 e - 2 potions of invisibility
 f - a potion of curing
 h - 2 potions of mutation
 k - a potion of degeneration {unknown}
 m - 2 potions of brilliance
 t - a potion of ambrosia {unknown}
 u - a potion of agility {unknown}
 v - a potion of lignification {unknown}
Comestibles
 c - 2 bread rations


   Skills:
 + Level 3.5 Fighting
 + Level 2.1 Axes
 * Level 1.9 Armour
 + Level 0.9 Dodging
 * Level 2.7 Invocations


You had 2 spell levels left.
You didn't know any spells.

Dungeon Overview and Level Annotations

Branches:
Dungeon (3/15)

Altars:
Elyvilon

Annotations:
D:3 Alannah's ghost, weakling DsMo; Grinder


Innate Abilities, Weirdness & Mutations

You have hooves in place of feet.
Armour fits poorly on your strangely shaped body.
You cover ground very quickly.
You have extremely tough skin. (AC +3)
You are agile. (Dex +2)
Your mind is acute. (Int +2)
You are resistant to electric shocks. (rElec)


Message History

There is a stone staircase leading up here.
You see here a +0 leather armour.
Found an escape hatch in the floor.
There is an escape hatch in the floor here.
Grinder shouts!
Grinder is too close now for your liking.
Grinder says, "My boss said I was rubbish.
His entrails said otherwise."
Grinder hits you.
You writhe in agony.
You hit Grinder. You kick Grinder.
Grinder is moderately wounded.
Grinder hits you!
You writhe in agony.
* * * LOW HITPOINT WARNING * * *
You feel yourself speed up. Grinder hits you.
* * * LOW HITPOINT WARNING * * *
You writhe in agony.
* * * LOW HITPOINT WARNING * * *
You feel better. Grinder hits you but does no damage. Grinder gestures at you.
Pain shoots through your body!
You die...

########
#######......###################
..........##.#.........>.......#
.#...§.............###########.#
...#§##.#.##.#..@#.###### #.#
.#*#5.§....#.#..........## #.#
.#
#§#####....5..........#####.##
.###<# #.#.....................
.§..§# #...##.##.###.#.#####.##
.###§# #.#.##.##.###.#.# #.# .#
#§#***#...##.##..##.#.#** #.# .#
#..,,,....##.##.........* #.# .#
##.#*#.#...#....#######.* #.#


You could see Grinder.

Vanquished Creatures
  An adder (D:2)
  A dart slug (D:1)
  2 leopard geckos (D:1)
  A giant cockroach (D:2)
  4 goblins
  4 hobgoblins
  7 jackals
  A quokka (D:2)
  4 bats
  3 frilled lizards (D:1)
  3 kobolds (D:2)
  11 rats
42 creatures vanquished.

Notes
Turn   | Place    | Note
-------+----------+-------------------------------------------
     0 | Abyss:1  | Gargoyl the Centaur Abyssal Knight began the quest for the Orb.
     0 | Abyss:1  | Reached XP level 1. HP: 19/19 MP: 2/2
    41 | Abyss:1  | Noticed a ynoxinul
    72 | Abyss:1  | Noticed a spatial vortex
    76 | Abyss:1  | Noticed a bone dragon
    87 | Abyss:1  | Noticed an ice dragon simulacrum
    96 | Abyss:1  | Noticed a spatial vortex
   115 | Abyss:1  | Gained mutation: You are resistant to electric shocks. (rElec) [potion of mutation]
   115 | Abyss:1  | Gained mutation: Your mind is acute. (Int +2) [potion of mutation]
   115 | Abyss:1  | Gained mutation: You are agile. (Dex +2) [potion of mutation]
   123 | Abyss:1  | Noticed an orb spider
   124 | D:1      | Escaped the Abyss
   368 | D:1      | Reached * piety under Lugonu
   368 | D:1      | Reached XP level 2. HP: 24/26 MP: 3/3
  1062 | D:2      | You fall through a shaft!
  1064 | D:3      | Noticed Alannah's ghost (weakling DsMo)
  1307 | D:2      | Reached XP level 3. HP: 29/31 MP: 4/4
  1419 | D:2      | Found a white marble altar of Elyvilon.
  2285 | D:3      | Noticed Grinder
  2315 | D:3      | Paralysed by Grinder for 4 turns
  2521 | D:3      | Killed from afar by Grinder

Skill      XL: |  1  2 |
---------------+-------+-----
Axes           | 2 |  2.1
Fighting       | |  3.5
Armour         | |  1.9
Dodging        | |  0.9
Invocations    | |  2.7

Action                   || total
-------------------------++-------
Melee: Hand axe          ||    90
       Kick              ||    28
       Broad axe         ||    27
Invok: Depart the Abyss  ||     1
  Use: Potion            ||     4
       Scroll            ||    11
  Eat: Chunk             ||     3
Armor: Leather armour    ||    16
       Ring mail         ||    46
Dodge: Dodged            ||    53
